 Dungeon Crawl Stone Soup version 0.30-a0-847-g17996783a1 (webtiles) character file.

Game seed: 10885566286195024136

1950 Darius099 the Grappler (level 8, -1/74 HPs)
             Began as a Troll Monk on Mar 4, 2023.
             Slain by bmack86's ghost (9 damage)
             ... on level 7 of the Dungeon.
             The game lasted 00:09:57 (5887 turns).

Darius099 the Grappler (Troll Monk)                 Turns: 5887, Time: 00:09:58

Health: -1/74      AC:  4    Str: 20    XL:     8   Next: 99%
Magic:  7/7        EV: 15    Int:  6    God:
Gold:   472        SH:  0    Dex: 14    Spells: 7/7 levels left

rFire   . . .      SeeInvis .      - Unarmed
rCold   . . .      Faith    .    (no shield)
rNeg    . . .      Spirit   .    B - +0 robe
rPois   .          Reflect  .    (helmet restricted)
rElec   .          Rampage  .    (no cloak)
rCorr   .                        (gloves unavailable)
Will    .....                    (boots unavailable)
Stlth   ++                       (no amulet)
HPRegen 1.12/turn                C - +5 ring of evasion
MPRegen 0.10/turn                (no ring)

@: no status effects
A: large, unfitting armour, claws 3, regeneration 1, shaggy fur 1, tough skin 1
a: no special abilities


You were on level 7 of the Dungeon.
You visited 2 branches of the dungeon, and saw 8 of its levels.
You also visited: Sewer.

You collected 472 gold pieces.

Inventory:

Armour
 B - a +0 robe (worn)
Jewellery
 C - a +5 ring of evasion (left claw)
Wands
 l - a wand of flame (12)
 o - a wand of acid (5)
 E - a wand of charming (12)
Scrolls
 a - 2 scrolls of brand weapon {unknown}
 d - 5 scrolls of identify {unknown}
 e - 2 scrolls of blinking {unknown}
 f - a scroll of poison {unknown}
 m - 4 scrolls of teleportation {unknown}
 p - a scroll of fear {unknown}
 q - a scroll of magic mapping {unknown}
 r - 3 scrolls of summoning {unknown}
 s - 2 scrolls of vulnerability {unknown}
 t - a scroll of noise {unknown}
 x - a scroll of fog {unknown}
 y - 2 scrolls of amnesia {unknown}
 z - a scroll of immolation {unknown}
 A - a scroll of torment {unknown}
 D - a scroll of acquirement {unknown}
Potions
 b - 2 potions of ambrosia
 c - 6 potions of curing
 g - 2 potions of might {unknown}
 h - a potion of haste {unknown}
 i - 3 potions of brilliance {unknown}
 j - a potion of invisibility {unknown}
 k - 2 potions of magic {unknown}
 n - 2 potions of lignification {unknown}
 u - a potion of cancellation {unknown}
 v - a potion of heal wounds {unknown}
 w - 2 potions of flight {unknown}


   Skills:
 - Level 2.4 Fighting
 - Level 2.4 Dodging
 - Level 1.0 Stealth
 + Level 12.0 Unarmed Combat


You had 7 spell levels left.
You didn't know any spells.
Your spell library contained the following spells:

 Spells                   Type           Power      Damage    Failure   Level
 Necrotise                Necr           0%         1d4       45%         1
 Inner Flame              Hex/Fire       0%         N/A       83%         3
 Vampiric Draining        Necr           0%         2d6       83%         3
 Flame Wave               Conj/Fire      0%         2d4       99%         4
 Manifold Assault         Tloc           0%         N/A       99%         4
 Sticky Flame             Conj/Fire      0%         2d3       99%         4
 Agony                    Necr           0%         N/A       100%        5
 Dispersal                Tloc           0%         N/A       100%        6
 Disjunction              Tloc           0%         N/A       100%        8


Dungeon Overview and Level Annotations

Branches:
Dungeon (7/15)             Temple (1/1) D:6           Sewer (visited)

Altars:
Ashenzari
Cheibriados
Dithmenos
Elyvilon
Fedhas
Hepliaklqana
Makhleb
Ru
Sif Muna
Trog
Uskayaw
Vehumet
Xom
The Shining One

Shops:
D:5 :   D:6 *

Annotations:
D:7 bmack86's ghost, novice MiFi


Innate Abilities, Weirdness & Mutations

You are too large for most types of armour.
You have claws for hands.
Your natural rate of healing is unusually fast.
You are covered in fur. (AC +1)
You have tough skin. (AC +1)


Message History

Bmack86's ghost hits you!
You claw bmack86's ghost!
Bmack86's ghost is lightly damaged.
Bmack86's ghost hits you!
You scratch bmack86's ghost but do no damage.
Bmack86's ghost is lightly damaged.
You scratch bmack86's ghost but do no damage.
You claw bmack86's ghost!
Bmack86's ghost is moderately damaged.
Bmack86's ghost hits you!
You scratch bmack86's ghost.
Bmack86's ghost is moderately damaged.
Bmack86's ghost whispers, "They're coming for you..."
Bmack86's ghost misses you.
You claw bmack86's ghost! x2
Bmack86's ghost is heavily damaged.
Bmack86's ghost completely misses you.
You closely miss bmack86's ghost.
Bmack86's ghost is heavily damaged.
Bmack86's ghost closely misses you.
You barely miss bmack86's ghost.
Bmack86's ghost is heavily damaged.
You claw bmack86's ghost!
Bmack86's ghost is severely damaged.
Bmack86's ghost hits you.
You barely miss bmack86's ghost.
Bmack86's ghost is severely damaged.
Bmack86's ghost hits you!!
* * * LOW HITPOINT WARNING * * *
You closely miss bmack86's ghost.
Bmack86's ghost is severely damaged.
Bmack86's ghost hits you!
* * * LOW HITPOINT WARNING * * *
You barely miss bmack86's ghost.
Bmack86's ghost is severely damaged.
You scratch bmack86's ghost.
You claw bmack86's ghost, but do no damage.
Bmack86's ghost is severely damaged.
Bmack86's ghost hits you!
You die...

#..................####......# #
#........####.###.## #####.>.# #
#........####.##..####.......###
#.#..###...##......#......##.<##
#.##.....<................#.....
#..#...........#'#........#.....
##............##.##..........##.
#...........##...##.........##.
#..........##W@...##...#..####.
#..........#⌠.?♣!.⌠#.......# #.
#..........##..?..##..##.#.# #.
#.#.........##...##...#..#.###<
#.##.........##⌠##.......#.##..
#.#######.....###...........[.#
#.# #...................... #.#
#..............>......#
###.########.....................


You could see bmack86's ghost.

Vanquished Creatures
  Sigmund (D:6)
  An ice beast (D:5)
  A sky beast (D:6)
  A black bear (D:7)
  2 centaurs
  2 phantoms (D:5)
  5 kobold brigands
  A scorpion (D:5)
  A howler monkey (D:6)
  2 electric eels (D:6)
  2 jellies
  2 orc priests (D:6)
  2 hounds
  2 sleepcaps
  2 orc wizards (D:6)
  3 iguanas
  12 adders
  4 gnolls (D:6)
  4 river rats
  A white imp (D:6)
  2 ufetubi
  5 worms
  2 dart slugs
  7 orcs
  7 endoplasms
  5 giant cockroaches
  5 goblins
  4 hobgoblins
  4 jackals (D:5)
  14 kobolds
  4 quokkas
  14 ball pythons
  A bat (D:1)
  2 frilled lizards
  10 rats
  A butterfly (D:6)
138 creatures vanquished.

Vanquished Creatures (others)
  2 fungi (D:3)
  28 plants
30 creatures vanquished.

Grand Total: 168 creatures vanquished

Notes
Turn   | Place    | Note
-------+----------+-------------------------------------------
     0 | D:1      | Darius099 the Troll Monk began the quest for the Orb.
     0 | D:1      | Reached XP level 1. HP: 22/22 MP: 0/0
   173 | D:1      | Reached XP level 2. HP: 29/29 MP: 1/1
   854 | D:2      | Reached skill level 4 in Unarmed Combat
   900 | D:2      | Reached XP level 3. HP: 33/36 MP: 2/2
  1412 | D:3      | Found a broken altar of Ashenzari.
  1515 | D:3      | Found a bloodstained altar of Trog.
  1515 | D:3      | Found a radiant altar of Vehumet.
  1518 | D:3      | Found a hazy altar of Hepliaklqana.
  1675 | D:3      | Found a faded altar of an unknown god.
  1902 | D:3      | Reached XP level 4. HP: 44/44 MP: 3/3
  1994 | D:4      | Reached skill level 5 in Unarmed Combat
  2465 | D:4      | Reached XP level 5. HP: 40/50 MP: 4/4
  2476 | D:4      | Found a glowing drain.
  2490 | Sewer    | Entered a sewer
  2542 | Sewer    | Reached skill level 6 in Unarmed Combat
  2794 | Sewer    | Reached skill level 7 in Unarmed Combat
  2794 | Sewer    | Reached XP level 6. HP: 56/59 MP: 5/5
  3061 | Sewer    | Reached skill level 8 in Unarmed Combat
  3161 | D:4      | Reached XP level 7. HP: 66/66 MP: 6/6
  3417 | D:5      | Entered Level 5 of the Dungeon
  3449 | D:5      | Found Tipikket's Book Boutique.
  3457 | D:5      | Identified the +1 hand axe of Dust {pain, Int+4}
  3762 | D:5      | Reached skill level 9 in Unarmed Combat
  4071 | D:5      | Found a glowing golden altar of the Shining One.
  4287 | D:5      | Reached skill level 10 in Unarmed Combat
  4287 | D:5      | Reached XP level 8. HP: 74/74 MP: 7/7
  4340 | D:6      | Noticed Sigmund
  4350 | D:6      | Killed Sigmund
  4554 | D:6      | Found Kein's General Store.
  4592 | D:6      | Reached skill level 11 in Unarmed Combat
  5028 | D:6      | Found a staircase to the Ecumenical Temple.
  5239 | Temple   | Entered the Ecumenical Temple
  5586 | D:7      | Found a runed translucent door.
  5591 | D:7      | Noticed bmack86's ghost (novice MiFi)
  5714 | D:7      | Reached skill level 12 in Unarmed Combat
  5731 | D:7      | Found a shimmering blue altar of Sif Muna.
  5887 | D:7      | Slain by bmack86's ghost

Illustrated notes

Levels and vault maps discovered:
D:1:      dpeg_arrival_water_temple_mockup, layout_basic
D:2:      layout_loops_cross, serial_bayou_pond_a
D:3:      layout_loops_ring, evilmike_ruin_ashenzari,
          chequers_temple_overflow_statue_of_worship,
          shapermc_ecumenical_altar_mp_urbaneastern
D:4:      layout_basic, gup_sewer_entry_bubbles
D:5:      layout_basic, nicolae_tso_swordbearing_angel, serial_shops, shop
D:6:      layout_cave_pools, minmay_temple_entry_butterflies, serial_bayou,
          serial_bayou_ford_a, serial_bayou_lake_a, serial_bayou_shore_b,
          serial_bayou_crossing, serial_bayou_lagoon_b, serial_bayou_pond_a,
          serial_shops, shop, uniq_sigmund
D:7:      layout_rooms, kennysheep_little_box, hellmonk_ghost_happy_afterlife
Temple:   nicolae_temple_two_arcs

Skill      XL: |  1  2  3  4  5  6  7  8 |
---------------+-------------------------+-----
Unarmed Combat | 4 5 7 8 10 12 | 12.0
Fighting       | |  2.4
Dodging        | |  2.4
Stealth        | |  1.0

Action                     |  1- 3 |  4- 6 |  7- 9 || total
---------------------------+-------+-------+-------++-------
  Melee: Unarmed           |    76 |   128 |   171 ||   375
         Punch             |     1 |     2 |    13 ||    16
   Stab: Sleeping          |     3 |     2 |     2 ||     7
 Armour: Robe              |    19 |    14 |    25 ||    58
  Dodge: Dodged            |    28 |    42 |    78 ||   148

Table legend: (Time is in decaauts)
 A = Elapsed time spent in this place.
 B = Non-inter-level travel time spent in this place.
 C = Inter-level travel time spent in this place.
 D = Time resting spent in this place.
 E = Time spent auto-exploring this place.
 F = Levels seen in this place.
 G = Mean time per level.
                   A        B        C        D        E       F      G
               +--------+--------+--------+--------+--------+-----+--------+
         Total |   5831 |   5762 |     69 |    177 |   4292 |   9 |  647.9 |
       Dungeon |   5106 |   5043 |     63 |    177 |   3766 |   7 |  729.4 |
        Temple |    116 |    110 |      6 |      0 |    106 |   1 |  116.0 |
         Sewer |    608 |    608 |      0 |      0 |    420 |   1 |  608.0 |
               +--------+--------+--------+--------+--------+-----+--------+

Top non-repeatable levels by time:
     D:6: 1064 daAuts
     D:5: 911 daAuts
     D:4: 819 daAuts
     D:1: 747 daAuts
     D:3: 610 daAuts
   Sewer: 608 daAuts
     D:2: 606 daAuts
     D:7: 345 daAuts
  Temple: 116 daAuts
